cohdb
Replays
Latest Replays
All Replays
Popular Replays
Top Player Replays
Match Explorer
How It Works
Community
CoH3 Stats
Reddit
Sign in to upload your games and track your stats! →
Sign in with Steam
Match 45942266
Unlisted
Match 45942266
Overview
Messages
Build Orders
End
Construct Infanterie Kompanie
Selects Terror Battlegroup
Selects Machine Gun Camouflage
MG 42 Machine Gun Team
Kettenkrad Recon Vehicle
MG 42 Machine Gun Team
GrW 34 Mortar Team
Medical Bunker
Construct Luftwaffe Kompanie
Selects Interrogate
221 Scout Car
Construct Panzer Kompanie
Selects Propaganda Leaflet Drop
Propaganda Leaflet Drop
Stoßtruppen Squad
Panzer IV Medium Tank
Flak 30 Anti-aircraft Gun Team
Pioneer Squad
Panzer IV Medium Tank
Propaganda Leaflet Drop
Panzer IV Medium Tank
Propaganda Leaflet Drop
Side Skirts
Panzer Officer Quarters
Propaganda Leaflet Drop
Repair Bunker
Selects Defend the Fatherland
Panzer IV Medium Tank
Kettenkrad Recon Vehicle
Propaganda Leaflet Drop
Pioneer Squad
Defend the Fatherland
Pioneer Squad
Selects King Tiger Heavy Tank
King Tiger Heavy Tank
Panzer IV Medium Tank
Propaganda Leaflet Drop
Propaganda Leaflet Drop
Stoßtruppen Squad
Grenadier Squad
Selects V1 Rocket Strike
Daeakdang
momoli
皮皮大仙
SSFFF
Abeli
bettipqtv
LAN_JSD
tapaslonso
0
0
Comments
sign in to comment!
No comments posted yet!